 Dungeon Crawl Stone Soup version 0.19-a0-1111-gcceb26a (webtiles) character file.

577 aronpayne the Skirmisher (level 7, -5/56 HPs)
             Began as a Formicid Fighter on Aug 11, 2016.
             Killed by divine providence
             ... invoked by an orc priest
              (18 damage)
             ... on level 3 of the Dungeon.
             The game lasted 00:10:09 (2208 turns).

aronpayne the Skirmisher (Formicid Fighter)         Turns: 2208, Time: 00:10:10

Health: -5/56      AC: 14    Str: 23    XL:     7   Next: 62%
Magic:  7/7        EV:  6    Int:  7    God:
Gold:   220        SH: 10    Dex: 10    Spells: 0 memorised, 6 levels left

rFire  . . .     SeeInvis +     a - +0 long sword
rCold  . . .     Gourm    .     u - +0 plate armour
rNeg   . . .     Faith    .     c - +0 shield
rPois  .         Spirit   .     (helmet unavailable)
rElec  .         Dismiss  .     (no cloak)
rCorr  .         Reflect  .     q - +0 pair of gloves (curse)
SustAt .         Harm     +     t - +0 pair of boots
MR     .....                    k - amulet of harm
Stlth  ..........               (no ring)
                                (no ring)

@: drained
A: permanent stasis, dig shafts and tunnels, four strong arms, antennae 3
a: Dig, Shaft Self


You were on level 3 of the Dungeon.
You were not hungry.

You visited 1 branch of the dungeon, and saw 3 of its levels.

You collected 220 gold pieces.

Inventory:

Hand Weapons
 a - a +0 long sword (weapon)
Armour
 b - a +0 scale mail
 c - a +0 shield (worn)
 q - a cursed +0 pair of gloves (worn)
 t - a +0 pair of boots (worn)
 u - a +0 plate armour (worn)
Jewellery
 k - an amulet of harm (around neck)
 B - an uncursed ring of resist corrosion {unknown}
Scrolls
 h - 2 scrolls of identify {unknown}
 i - a scroll of magic mapping {unknown}
 l - 2 scrolls of random uselessness {unknown}
 m - 2 scrolls of amnesia {unknown}
 n - 2 scrolls of blinking {unknown}
 s - a scroll of recharging {unknown}
 w - a scroll of noise {unknown}
 x - a scroll of teleportation {unknown}
 y - a scroll of fear {unknown}
Potions
 e - a potion of magic {unknown}
 j - a potion of brilliance {unknown}
 o - 2 potions of berserk rage {unknown}
 r - a potion of cancellation {unknown}
 v - a potion of curing
 z - 2 potions of mutation {unknown}
 A - a potion of degeneration {unknown}
Comestibles
 d - 2 beef jerkies
 f - 3 bread rations
 g - 5 chunks of flesh
 p - 3 meat rations


   Skills:
 * Level 5.4(5.2) Fighting
 + Level 3.5(3.3) Long Blades
 + Level 4.6(4.3) Armour
 + Level 2.2(2.0) Dodging
 + Level 3.2(3.0) Stealth
 + Level 5.0(4.8) Shields


You had 6 spell levels left.
You didn't know any spells.

Dungeon Overview and Level Annotations

Branches:
Dungeon (3/15)

Altars:
Xom


Innate Abilities, Weirdness & Mutations

You are under a permanent stasis effect.
You can dig through walls and to a lower floor.
Your four strong arms can wield two-handed weapons with a shield.
You have a pair of large antennae on your head. (SInv)


Message History

The orc priest invokes the aid of Beogh against you.
Beogh smites you!
You slash the orc priest!
You kill the orc priest!
The orc hits you but does no damage.
The orc priest mumbles some strange prayers to Beogh against you.
Pain shoots through your body!
You hit the orc.
You kill the orc!
The orc priest calls down the wrath of Beogh upon you.
Beogh smites you!
* * * LOW HITPOINT WARNING * * *
You are too injured to fight recklessly!
The orc priest mumbles some strange prayers to Beogh against you.
You struggle to resist.
You hit the orc priest.
The orc priest is heavily wounded.
The orc priest invokes the aid of Beogh against you.
Beogh smites you!
You die...

.#.######.≈≈####≈≈####.#(########
........##.#≈#....##.............
........ ##.≈≈#..#...............
'###### ##≈^#≈##..).......#####
....# ######...........#...#
....# #..........<...#....
....##########..............#...#
............##................###
###.........##..@...........#####
#.[.......##.o))).........# #..
#......[..##..............# #.#
#.........##..........)...###.#
#.............................#
#......).....############......
#[...........##### #......
##########..<..... #....#.
#........ #....#.


You could see an orc priest.

Vanquished Creatures
  Sigmund (D:2)
  The ghost of Aquadorian the Cudgeler, an amateur DrWn of Ashenzari (D:3)
  A centaur (D:3)
  2 orc priests (D:3)
  Ijyb (D:2)
  Natasha (thrice) (D:2)
  5 adders
  4 worms
  3 orcs (D:3)
  2 giant cockroaches (D:2)
  3 hobgoblins
  A jackal (D:3)
  6 bats
  4 giant newts
  2 goblins (D:3)
  11 kobolds
  6 rats
56 creatures vanquished.

Notes
Turn   | Place    | Note
-------+----------+-------------------------------------------
     0 | D:1      | aronpayne the Formicid Fighter began the quest for the Orb.
     0 | D:1      | Reached XP level 1. HP: 18/18 MP: 1/1
   202 | D:1      | Reached XP level 2. HP: 24/24 MP: 2/2
   439 | D:2      | Noticed Natasha
   445 | D:2      | Killed Natasha
   445 | D:2      | Reached skill level 1 in Stealth
   445 | D:2      | Reached XP level 3. HP: 27/30 MP: 3/3
   546 | D:2      | Noticed Natasha
   556 | D:2      | Killed Natasha
   556 | D:2      | Reached XP level 4. HP: 18/37 MP: 4/4
   605 | D:2      | Noticed Natasha
   608 | D:2      | Killed Natasha
   608 | D:2      | Reached skill level 1 in Dodging
   755 | D:2      | Reached XP level 5. HP: 28/42 MP: 5/5
   906 | D:2      | Noticed Ijyb
   939 | D:2      | Killed Ijyb
  1167 | D:2      | Noticed Sigmund
  1190 | D:2      | Killed Sigmund
  1190 | D:2      | Reached skill level 5 in Fighting
  1190 | D:2      | Reached XP level 6. HP: 20/51 MP: 6/6
  1710 | D:3      | Noticed Aquadorian's ghost (amateur DrWn)
  1726 | D:3      | Killed Aquadorian's ghost
  1726 | D:3      | Reached XP level 7. HP: 50/56 MP: 7/7
  1768 | D:3      | Reached skill level 5 in Shields
  2144 | D:3      | Found a shimmering altar of Xom.
  2208 | D:3      | Killed from afar by an orc priest

Vault maps used:
D:1:      lightli_arrival_boilingwater, grunt_decor_one_mirror
D:2:      first_bread, uniq_iyjb, uniq_natasha, uniq_sigmund
D:3:      tgw_xom

Skill      XL: |  1  2  3  4  5  6  7 |
---------------+----------------------+-----
Stealth        | 1 2 3 |  3.2
Fighting       | 4 5 |  5.4
Shields        | 4 5 |  5.0
Dodging        | 1 2 |  2.2
Long Blades    | 3 |  3.5
Armour         | 4 |  4.6

Action                   |  1- 3 |  4- 6 |  7- 9 || total
-------------------------+-------+-------+-------++-------
Melee: Long sword        |    57 |   159 |   100 ||   316
 Abil: Dig               |       |       |     1 ||     1
  Use: Potion            |       |     1 |       ||     1
  Eat: Chunk             |       |     3 |     2 ||     5
Armor: Scale mail        |    15 |    25 |       ||    40
       Plate armour      |       |    67 |    66 ||   133
Dodge: Dodged            |    26 |    37 |    27 ||    90
Block: Shield            |    25 |    74 |    61 ||   160
